 Dungeon Crawl Stone Soup version 0.31-a0-83-gbff143cfd1 (webtiles) character file.

Game seed: 16195144987659094177

2249 LobsterGuardian the Cleaver (level 8, -5/66 HPs)
             Began as a Demigod Gladiator on May 25, 2023.
             Killed from afar by Erica (16 damage)
             ... with a bolt of dispelling energy
             ... on level 8 of the Dungeon.
             The game lasted 00:18:02 (6080 turns).

LobsterGuardian the Cleaver (Demigod Gladiator)     Turns: 6080, Time: 00:18:04

Health: -5/66      AC: 10    Str: 20 (23) XL:     8   Next: 93%
Magic:  19/19      EV: 14    Int:  7 (10) God:
Gold:   331        SH:  0    Dex: 17 (18) Spells: 7/7 levels left

rFire   . . .        A - +1 hand axe (drain)
rCold   . . .        (no shield)
rNeg    . . .        b - +0 leather armour
rPois   .            c - +0 helmet
rElec   .            (no cloak)
rCorr   .            i - +0 pair of gloves
SInv    .            g - +0 pair of boots
Will    .....        (no amulet)
Stlth   +            t - +4 ring of protection
HPRegen 0.31/turn    x - ring of Necko {MP+9 Dex+3 Slay+2}
MPRegen 0.16/turn

%: no passive effects
@: lethally poisoned (-5 -> -19), slowed, very slow
A: high MP 1, forlorn, divine attributes
a: no special abilities


You were on level 8 of the Dungeon.
You visited 1 branch of the dungeon, and saw 8 of its levels.

You collected 331 gold pieces.

Inventory:

Hand Weapons
 a - a +1 war axe
 A - a +1 hand axe of draining (weapon)
Armour
 b - a +0 leather armour (worn)
 c - a +0 helmet (worn)
 g - a +0 pair of boots (worn)
 i - a +0 pair of gloves (worn)
Jewellery
 n - the ring "Oriehol" {*Corrode rN+++ EV+5 Str-4 Int+4}
   (You found it on level 3 of the Dungeon)

   [ring of evasion]

   EV:        It affects your evasion (+5).
   Str:       It affects your strength (-4).
   Int:       It affects your intelligence (+4).
   rN:        It renders you almost immune to negative energy.
   *Corrode:  It may corrode you when you take damage.
 t - a +4 ring of protection (left hand)
 x - the ring of Necko (right hand) {MP+9 Dex+3 Slay+2}
   (You found it on level 5 of the Dungeon)

   [ring of magical power]

   Dex:       It affects your dexterity (+3).
   Slay:      It affects your accuracy & damage with ranged weapons and melee
   (+2).
   MP:        It affects your magic capacity (+9).
 C - a ring of resist corrosion
Wands
 e - a wand of quicksilver (8)
 v - a wand of iceblast (5)
Scrolls
 d - a scroll of fear
 f - a scroll of amnesia
 j - a scroll of fog
 l - 2 scrolls of magic mapping
 o - 2 scrolls of teleportation
 q - 2 scrolls of immolation
 y - a scroll of summoning {unknown}
 z - 2 scrolls of enchant armour {unknown}
 D - a scroll of blinking
Potions
 h - a potion of curing
 k - 2 potions of lignification
 m - 2 potions of attraction
 p - a potion of cancellation
 r - a potion of enlightenment
 u - a potion of resistance
 w - a potion of haste


   Skills:
 + Level 3.7 Fighting
 + Level 9.8 Axes
 - Level 1.7 Throwing
 + Level 2.7 Armour
 * Level 4.7 Dodging


You had 7 spell levels left.
You didn't know any spells.
Your spell library contained the following spells:

 Spells                   Type           Power      Damage    Failure   Level
 Kiss of Death            Conj/Necr      0%         2d5       47%         1
 Sting                    Tmut/Pois      0%         1d3       47%         1
 Passwall                 Tmut/Erth      0%         N/A       63%         2
 Wereblood                Tmut           0%         N/A       63%         2
 Confusing Touch          Hex            0%         N/A       85%         3
 Dazzling Flash           Conj/Hex       0%         N/A       85%         3
 Spider Form              Tmut/Pois      0%         N/A       85%         3
 Volatile Blastmotes      Fire/Tloc      0%         2d10      85%         3
 Dispel Undead            Necr           0%         3d6       99%         4
 Iskenderun's Mystic Bla  Conj/Tloc      0%         2d3       99%         4
 Irradiate                Conj/Tmut      0%         3d11      100%        5
 Starburst                Conj/Fire      0%         6d3       100%        6
 Lehudib's Crystal Spear  Conj/Erth      0%         10d2      100%        8
 Necromutation            Tmut/Necr      0%         N/A       100%        8
 Shatter                  Erth           0%         3d5*      100%        9


Dungeon Overview and Level Annotations

Branches:
Dungeon (8/15)             Temple (0/1) D:5
   Lair: D:8-11

Shops:
D:3 [

Annotations:
D:8 Erica


Innate Abilities, Weirdness & Mutations

You have an increased reservoir of magic. (+10% MP)
You shall have no god before yourself.
Your divine heritage dramatically boosts your attributes as you level up.


Message History

Erica burns you.
* * * LOW HITPOINT WARNING * * *
You feel much better.
Erica casts a spell.
Erica flickers and vanishes!
Deactivating autopickup; reactivate with Ctrl-A.
Something barely misses you.
Aiming: Quicksilver Bolt
Press: ? - help, Shift-Dir - straight line You hear some strange, mumbled words.
A bolt of poison appears from out of thin air!
The bolt of poison hits you!
You are poisoned.
Unknown command.
Unknown command.
Aiming: Quicksilver Bolt
Press: ? - help, Shift-Dir - straight line You feel very sick.
Something hits you but does no damage.
You hear a zap.
A bolt of dispelling energy appears from out of thin air!
The bolt of dispelling energy misses you.
Aiming: Quicksilver Bolt
Press: ? - help, Shift-Dir - straight line You feel very sick.
Something hits you but does no damage.
Unknown command.
Aiming: Quicksilver Bolt
Press: ? - help, Shift-Dir - straight line The bolt of dispelling energy hits something!
Reactivating autopickup.
Erica's magical effects unravel!
You feel sick.
Erica points at you and mumbles some strange words.
The bolt of poison hits you.
You are lethally poisoned!
* * * LOW HITPOINT WARNING * * *
Erica screams, "I'll never tell where it is!"
Erica zaps a wand.
The bolt of dispelling energy hits you!
Your magical effects are unravelling.
You die...

..#..@#....')..'.#
.....##+###...#.# ##
.$... #...#.# #. ...
#...#.###. ...
..#...#.##.. #.#
....#####..... #.#
....########.#
######@####+#..........#
#......@.##.#.###.###.##
#.........#.#.#.......##
#...........#.#.#.##....
#........#.........+....
#........##...#...##....
#........##.#.#.........
#........##..>..#.......
###############.#.......
#.########


You could see Erica (drained).

Vanquished Creatures
  Joseph (D:7)
  A water moccasin (D:7)
  2 ice beasts
  2 sky beasts (D:7)
  An orc warrior (D:7)
  An ogre (D:5)
  A kobold brigand (D:8)
  2 bullfrogs
  2 phantoms
  2 scorpions
  4 jellies
  2 hounds
  A gnoll bouda (D:7)
  4 orc priests
  A sleepcap (D:6)
  2 iguanas
  5 orc wizards
  12 gnolls
  3 adders (D:6)
  A white imp (D:5)
  3 ufetubi
  7 worms
  2 dart slugs
  17 orcs
  3 ball pythons
  10 endoplasms
  A giant cockroach (D:1)
  8 goblins
  7 hobgoblins
  3 jackals (D:4)
  11 kobolds
  4 quokkas
  9 bats
  4 frilled lizards
  3 rats
142 creatures vanquished.

Notes
Turn   | Place    | Note
-------+----------+-------------------------------------------
     0 | D:1      | LobsterGuardian the Demigod Gladiator began the quest for
                  | the Orb.
     0 | D:1      | Reached XP level 1. HP: 17/17 MP: 3/3
   123 | D:1      | Got the Catalogue of Shapeshifting
   209 | D:1      | Reached skill level 3 in Axes
   277 | D:1      | Reached XP level 2. HP: 18/24 MP: 4/4
   904 | D:2      | Reached XP level 3. HP: 25/29 MP: 5/5
   929 | D:2      | Got the Commentary on the Different Cwm
  1190 | D:2      | Reached skill level 4 in Axes
  1322 | D:3      | Identified the ring "Oriehol" {*Corrode rN+++ EV+5 Str-4
                  | Int+4}
  1485 | D:3      | Noticed a phantom
  1496 | D:3      | Killed a phantom
  1497 | D:3      | Reached skill level 5 in Axes
  1497 | D:3      | Reached XP level 4. HP: 35/36 MP: 6/6
  1748 | D:3      | Found Omoci's Armour Boutique.
  1927 | D:4      | Reached XP level 5. HP: 8/41 MP: 7/7
  2070 | D:4      | You fall into a shaft and drop 1 floor!
  2070 | D:5      | Entered Level 5 of the Dungeon
  2125 | D:5      | Identified the ring of Necko {MP+9 Dex+3 Slay+2}
  2209 | D:5      | Reached skill level 6 in Axes
  2296 | D:5      | Noticed an ogre
  2306 | D:5      | Killed an ogre
  2307 | D:5      | Reached XP level 6. HP: 11/48 MP: 8/8
  2712 | D:5      | Reached skill level 7 in Axes
  2943 | D:5      | Found a staircase to the Ecumenical Temple.
  3603 | D:6      | Reached XP level 7. HP: 12/53 MP: 9/9
  4149 | D:6      | Reached skill level 8 in Axes
  4449 | D:6      | Reached skill level 1 in Armour
  4683 | D:7      | Noticed Joseph
  4702 | D:7      | Killed Joseph
  4703 | D:7      | Reached XP level 8. HP: 24/62 MP: 10/10
  5003 | D:7      | Reached skill level 9 in Axes
  6057 | D:8      | Noticed Erica
  6075 | D:8      | HP: 3/66 [Erica/+3 scimitar of flaming (3)]
  6080 | D:8      | Killed from afar by Erica

Illustrated notes

Levels and vault maps discovered:
D:1:      kilobyte_arrival_exit_the_forest, layout_rooms
D:2:      layout_loops_ring, basic_altar, kennysheep_nub
D:3:      layout_basic, serial_shops, nicolae_shop_getting_attention,
          kennysheep_generic_room_6
D:4:      layout_gridville, grunt_gozag_statues, mainiacjoe_overflow_boulevard,
          nicolae_wormholes
D:5:      layout_basic, mainiacjoe_overflow_alcove_4, temple_statues,
          nicolae_underground_beach
D:6:      layout_basic, hangedman_abyss_or_decor_stagger
D:7:      layout_loops_ring, uniq_joseph
D:8:      layout_basic, chequers_serial_rivers_micro_c, uniq_erica

Skill      XL: |  1  2  3  4  5  6  7  8 |
---------------+-------------------------+-----
Axes           | 3 5 6 7 8 9 |  9.8
Fighting       | 2 3 |  3.7
Dodging        | 3 4 |  4.7
Armour         | 1 2 |  2.7
Throwing       | |  1.7

Action                     |  1- 3 |  4- 6 |  7- 9 || total
---------------------------+-------+-------+-------++-------
  Melee: War axe           |   102 |   110 |    92 ||   304
         Punch             |     2 |     1 |     2 ||     5
         Hand axe          |       |       |   103 ||   103
  Throw: Throwing net      |     1 |     2 |     3 ||     6
         Javelin           |       |       |     4 ||     4
  Evoke: Wand              |       |       |     4 ||     4
    Use: Scroll            |     6 |     7 |     3 ||    16
         Potion            |       |     5 |     6 ||    11
   Stab: Sleeping          |     2 |     1 |       ||     3
         Held in net/web   |     1 |       |       ||     1
 Armour: Leather armour    |    48 |    41 |    62 ||   151
  Dodge: Dodged            |    81 |    79 |   109 ||   269

Table legend: (Time is in decaauts)
 A = Elapsed time spent in this place.
 B = Non-inter-level travel time spent in this place.
 C = Inter-level travel time spent in this place.
 D = Time resting spent in this place.
 E = Time spent auto-exploring this place.
 F = Levels seen in this place.
 G = Mean time per level.
                   A        B        C        D        E       F      G
               +--------+--------+--------+--------+--------+-----+--------+
         Total |   6118 |   5897 |    221 |      0 |   4941 |   8 |  764.8 |
       Dungeon |   6118 |   5897 |    221 |      0 |   4941 |   8 |  764.8 |
               +--------+--------+--------+--------+--------+-----+--------+

Top non-repeatable levels by time:
     D:7: 1105 daAuts
     D:6: 1078 daAuts
     D:5: 956 daAuts
     D:4: 816 daAuts
     D:1: 673 daAuts
     D:2: 592 daAuts
     D:3: 574 daAuts
     D:8: 322 daAuts
